 Dungeon Crawl Stone Soup version 0.20.0-8-g6b59dc7 (webtiles) character file.

109 Gorglomux the Twirler (level 4, -5/29 HPs)
             Began as a Gargoyle Gladiator on May 30, 2017.
             Was a Believer of Uskayaw.
             Slain by Gorglomux's ghost (6 damage)
             ... on level 3 of the Dungeon.
             The game lasted 00:01:37 (1939 turns).

Gorglomux the Twirler (Gargoyle Gladiator)          Turns: 1939, Time: 00:01:38

Health: -5/29      AC:  7    Str: 17    XL:     4   Next: 90%
Magic:  4/4        EV: 12    Int:  9    God:    Uskayaw [**....]
Gold:   56         SH:  0    Dex: 12    Spells: 3/3 levels left

rFire    . . .     SeeInvis .   a - +0 quarterstaff
rCold    . . .     Gourm    .   (shield currently unavailable)
rNeg     + . .     Faith    .   b - +0 leather armour
rPois    ∞         Spirit   .   c - +0 helmet
rElec    +         Reflect  .   (no cloak)
rCorr    .         Harm     .   (no gloves)
MR       .....                  (no boots)
Stlth    +.........             (no amulet)
Regen    0.1/turn               (no ring)
MPRegen  0.1/turn               (no ring)

@: no status effects
A: negative energy resistance 1, electricity resistance, unbreathing,
petrification resistance, rot immunity, AC +3
a: Stomp, Line Pass, Renounce Religion


You were on level 3 of the Dungeon.
You worshipped Uskayaw.
Uskayaw was noncommittal.
You were not hungry.

You visited 1 branch of the dungeon, and saw 3 of its levels.

You collected 56 gold pieces.

Inventory:

Hand Weapons
 a - a +0 quarterstaff (weapon)
Missiles
 Z - 4 throwing nets (quivered)
Armour
 b - a +0 leather armour (worn)
 c - a +0 helmet (worn)
Jewellery
 H - an uncursed ring of magical power {unknown}
Scrolls
 P - a scroll of amnesia {unknown}
 Q - a scroll of random uselessness {unknown}
 R - 3 scrolls of remove curse {unknown}
 T - 3 scrolls of identify {unknown}
 U - a scroll of teleportation {unknown}
 V - a scroll of immolation {unknown}
 X - 4 scrolls of fog {unknown}
 Y - a scroll of enchant armour {unknown}
Potions
 I - 2 potions of ambrosia {unknown}
 K - a potion of agility {unknown}
 L - 2 potions of curing {unknown}
 M - a potion of heal wounds {unknown}
 N - a potion of haste {unknown}
 S - a potion of invisibility {unknown}
 W - a potion of berserk rage {unknown}
Comestibles
 f - 5 bread rations
 z - a meat ration
 J - a royal jelly
 O - 4 fruits


   Skills:
 + Level 4.0 Fighting
 + Level 4.4 Staves
 - Level 1.7 Throwing
 - Level 2.4 Dodging


You had 3 spell levels left.
You didn't know any spells.

Dungeon Overview and Level Annotations

Branches:
Dungeon (3/15)

Altars:
Elyvilon
Uskayaw
Vehumet

Annotations:
D:3 Gorglomux's ghost, amateur GrGl


Innate Abilities, Weirdness & Mutations

You are resistant to torment.
Your stone body is resilient. (AC +3)
You are immune to poison.
You resist negative energy. (rN+)
You are resistant to electric shocks. (rElec)
You can survive without breathing.
You are immune to petrification.
You are immune to rotting.


Message History

You hit Gorglomux's ghost.
Gorglomux's ghost is lightly damaged.
Gorglomux's ghost misses you.
You hit Gorglomux's ghost.
Gorglomux's ghost is moderately damaged.
Gorglomux's ghost closely misses you.
You can now pass through a line of other dancers.
You hit Gorglomux's ghost but do no damage.
Gorglomux's ghost is moderately damaged.
Gorglomux's ghost hits you but does no damage.
You barely miss Gorglomux's ghost.
Gorglomux's ghost is moderately damaged.
Gorglomux's ghost hits you!
You hit Gorglomux's ghost.
Gorglomux's ghost is moderately damaged.
Gorglomux's ghost hits you!
Ouch! That really hurt!
* * * LOW HITPOINT WARNING * * *
Gorglomux's ghost hits you.
You die...

.........########.....###.#
.........# #.....###.# .........#
#.........# .........#
#.........# .........#
####).....# .........#
#......#######
######.#############.............
#.# #.......W.#############. #.#
#......@..# #. #####.#
#.....(...# #. #..)..#
#.........########### #.
##.###.###.........##........# #.
.....#.........#.####.....[..# #.
##.###.#######.#.# #........# #.
.....#.# #.#.# #........# #.
##.###.# #.#.# #........# #.
.....#.# #.#.####........# #.


You could see Gorglomux's ghost.

Vanquished Creatures
  4 adders (D:2)
  3 oozes
  4 dart slugs
  4 leopard geckos
  3 bats
  A giant cockroach (D:1)
  8 hobgoblins
  4 jackals (D:1)
  8 kobolds
  2 frilled lizards (D:2)
  2 goblins (D:1)
  6 rats
49 creatures vanquished.

Notes
Turn   | Place    | Note
-------+----------+-------------------------------------------
     0 | D:1      | Gorglomux the Gargoyle Gladiator began the quest for the Orb.
     0 | D:1      | Reached XP level 1. HP: 12/12 MP: 1/1
     8 | D:1      | Noticed an electric eel
    76 | D:1      | Reached XP level 2. HP: 18/18 MP: 2/2
   248 | D:1      | Reached XP level 3. HP: 19/22 MP: 3/3
   266 | D:1      | Reached skill level 3 in Fighting
   704 | D:2      | Reached XP level 4. HP: 21/28 MP: 4/4
  1202 | D:2      | Found a faded altar of an unknown god.
  1252 | D:2      | Found a radiant altar of Vehumet.
  1252 | D:2      | Found a white marble altar of Elyvilon.
  1505 | D:2      | Became a worshipper of Elyvilon the Healer
  1532 | D:2      | Fell from the grace of Elyvilon
  1549 | D:2      | Became a worshipper of Uskayaw the Reveler
  1549 | D:2      | Reached * piety under Uskayaw
  1690 | D:3      | Noticed Gorglomux's ghost (amateur GrGl)
  1697 | D:3      | Reached ** piety under Uskayaw
  1939 | D:3      | HP: 1/29 [Gorglomux's ghost (15)]
  1939 | D:3      | Slain by Gorglomux's ghost

Skill      XL: |  1  2  3  4 |
---------------+-------------+-----
Fighting       | 3 4 |  4.0
Staves         | 4 |  4.4
Throwing       | |  1.7
Dodging        | |  2.4

Action                   |  1- 3 |  4- 6 || total
-------------------------+-------+-------++-------
Melee: Quarterstaff      |    78 |    73 ||   151
Invok: Renounce Religion |       |     1 ||     1
  Eat: Chunk             |       |     3 ||     3
Armor: Leather armour    |    35 |    30 ||    65
Dodge: Dodged            |    58 |    40 ||    98
